 Dungeon Crawl Stone Soup version 0.28.0 (webtiles) character file.

Game seed: 232249124444942236

74 AmazingTV the Covered (level 4, -19/41 HPs)
             Began as a Minotaur Fighter on June 30, 2022.
             Demolished by an ogre (23 damage)
             ... on level 1 of the Dungeon.
             The game lasted 00:04:33 (1394 turns).

AmazingTV the Covered (Minotaur Fighter)            Turns: 1394, Time: 00:04:34

Health: -19/41     AC:  7    Str: 21    XL:     4   Next: 9%
Magic:  3/3        EV:  9    Int:  7    God:
Gold:   122        SH:  4    Dex:  9    Spells: 3/3 levels left

rFire   . . .      SeeInvis +   a - +0 war axe {axe}
rCold   . . .      Faith    .   c - +0 buckler
rNeg    . . .      Spirit   .   g - +0 scale mail
rPois   .          Reflect  .   (helmet restricted)
rElec   .          Harm     .   j - scarf {repulsion}
rCorr   .          Rampage  .   (no gloves)
Will    .....                   (no boots)
Stlth   ..........              (no amulet)
HPRegen 0.13/turn               m - ring of see invisible
MPRegen 0.08/turn               (no ring)

@: flying, repel missiles
A: horns 2, retaliatory headbutt
a: no special abilities


You were on level 1 of the Dungeon.
You visited 1 branch of the dungeon, and saw 2 of its levels.

You collected 122 gold pieces.


Innate Abilities, Weirdness & Mutations

You have a pair of horns on your head.
You reflexively headbutt those who attack you in melee.


   Skills:
 + Level 4.3 Fighting
 + Level 3.3 Axes
 + Level 4.4 Armour
 + Level 4.3 Shields


You had 3 spell levels left.
You didn't know any spells.
Your spell library was empty.

Inventory:

Hand Weapons
 a - a +0 war axe (weapon) {axe}
 b - a +0 hand axe {axe}
   (You found it on level 1 of the Dungeon)
 k - a +0 hunting sling of freezing {sling}
   (You found it on level 2 of the Dungeon)
 n - a +2 hunting sling of freezing {sling}
   (You took it off a goblin on level 2 of the Dungeon)
Missiles
 e - 43 stones (quivered)
 o - 24 sling bullets
 r - 23 bolts
Armour
 c - a +0 buckler (worn)
 g - a +0 scale mail (worn)
 j - a scarf of repulsion (worn)
   (You found it on level 2 of the Dungeon)
Jewellery
 m - a ring of see invisible (left hand)
   (You found it on level 2 of the Dungeon)
Scrolls
 f - a scroll of holy word {unknown}
 h - 2 scrolls of identify {unknown}
 i - 2 scrolls of teleportation {unknown}
Potions
 d - a potion of might
 p - a potion of attraction {unknown}
 q - 2 potions of invisibility {unknown}

Dungeon Overview and Level Annotations

Branches:
Dungeon (2/15)

Altars:

Annotations:
D:2 Sigmund

#.#.#
#.......#
#.#.#
#.#######
#...#
####)#
##..#
#....#
#..#
#.####
#..# #.#
#..# #.#
#..# #.#
#.>#####@#
##.#...#O#
#.##..#.#
#.......#
#########


You could see an ogre.


Message History

You block the sling bullet.
The goblin shoots a sling bullet.
The sling bullet hits you. The sling bullet freezes you. 😕 HP[-5]
You take 5 damage, and now have 27/33 hp.
The goblin shoots a sling bullet.
The sling bullet closely misses you.
The goblin unwields a +2 hunting sling of freezing.
The goblin wields a +0 dagger.
The goblin hits you but does no damage.
You hit the goblin.
You kill the goblin!
No target in view!
n - a +2 hunting sling of freezing {sling}
o - 24 sling bullets;
p - a blue potion You now have 122 gold pieces (gained 22).
Things that are here:
a +0 dagger {short}; a goblin corpse 😎 HP[+6]
Your hp is fully restored (33).
q - 2 bubbling blue potions Natasha, Servant of Life and Death comes into view.
Natasha hisses angrily.
b - a +0 hand axe (weapon)
{axe} Natasha closely misses you.
You closely miss Natasha. You block Natasha's attack.
You barely miss Natasha. Natasha claws you but does no damage.
You hit Natasha but do no damage. Natasha closely misses you.
You slash Natasha!
Natasha stares at you and mumbles some strange words.
The magic dart hits you! 😕 HP[-8]
You take 8 damage, and now have 25/33 hp.
MASSIVE DAMAGE!! (PAUSE)
You hit Natasha. Natasha claws you but does no damage.
You miss Natasha. Natasha casts a spell at you.
You resist with significant effort. Natasha barely misses you.
You furiously retaliate!
You headbutt Natasha!
You kill Natasha!
Natasha screams in fury as she dies!
You have reached level 4!
You feel stronger. 😕 HP[+6] MP[+1]
You now have 41 max hp (+8).
You regained 6 hp, and now have 31/41 hp.
Your mp is fully restored (3).
You start resting. 😎 HP[+10]
Your hp is fully restored (41).
You see here the felid corpse of Natasha.
r - 23 bolts A goblin and an ogre come into view.
The goblin shouts!
The ogre shouts!
The ogre moves out of view.
a - a +0 war axe (weapon)
{axe}
Found a stone staircase leading up.
The goblin hits you but does no damage.
You closely miss the goblin.
The goblin hits you with a +0 dagger. 😕 HP[-3]
You take 3 damage, and now have 38/41 hp.
You slash the goblin!
You kill the goblin!
The ogre closely misses you.
You slash the ogre!
The ogre hits you with a +0 giant club!!
Ouch! That really hurt!
* * * LOW HITPOINT WARNING * * *
😱 HP[-30]
You take 30 damage, and now have 8/41 hp.
MASSIVE DAMAGE!! (PAUSE) 😱 HP[+1] 😱 HP[+1]
Found a stone staircase leading down. 😨 HP[+1]
You see here a +0 short sword {short}.
There is a stone staircase leading up here. 😨 HP[+1] Sigmund shouts! 😨 HP[+1] Sigmund casts a spell.
Sigmund flickers and vanishes for a moment.
The ogre hits you with a +0 giant club!
* * * LOW HITPOINT WARNING * * *
😱 HP[-12]
You take 12 damage, and now have 1/41 hp.
MASSIVE DAMAGE!! (PAUSE)
You enter the shallow water.
Moving in this stuff is going to be slow. 😱 HP[+1]
There is a stone staircase leading up here.
The ogre closely misses you. You furiously retaliate!
You headbutt the ogre!
You climb upwards.
There is a stone staircase leading down here. 😱 HP[+1] 😱 HP[+1] It was a potion of flight.
You feel very buoyant.
You fly up into the air.
The ogre hits you with a +0 giant club!!
Ouch! That really hurt!
You die...

Skill      XL: |  1  2 |
---------------+-------+-----
Armour         | 4 |  4.4
Shields        | 4 |  4.3
Fighting       | 4 |  4.3
Axes           | 3 |  3.3

Action                   |  1- 3 |  4- 6 || total
-------------------------+-------+-------++-------
Melee: War axe           |    43 |     3 ||    46
       Headbutt          |     9 |       ||     9
       Hand axe          |     6 |       ||     6
  Use: Potion            |       |     1 ||     1
Armor: Scale mail        |    20 |     1 ||    21
Dodge: Dodged            |    28 |     2 ||    30
Block: Buckler           |    13 |       ||    13

Levels and vault maps discovered:
D:1:      saegor_arrival_simple_c, layout_basic,
          hellmonk_ecumenical_altar_lost_god
D:2:      minmay_inner_zag, layout_loops_ring, serial_shops, shop_fountains,
          chequers_serial_rivers_marsh, uniq_natasha, uniq_sigmund

Notes
Turn   | Place    | Note
-------+----------+-------------------------------------------
     0 | D:1      | AmazingTV the Minotaur Fighter began the quest for the Orb.
     0 | D:1      | Reached XP level 1. HP: 19/19 MP: 0/0
     0 | D:1      | magus.rc [v1.9.6]
   335 | D:1      | Found a faded altar of an unknown god.
   386 | D:1      | Reached XP level 2. HP: 22/27 MP: 1/1
   663 | D:2      | Reached skill level 4 in Armour
   663 | D:2      | Reached skill level 4 in Shields
   678 | D:2      | Reached skill level 4 in Fighting
   678 | D:2      | Reached skill level 3 in Axes
   714 | D:2      | Noticed Sigmund
   930 | D:2      | Reached XP level 3. HP: 33/33 MP: 2/2
  1225 | D:2      | Noticed Natasha
  1235 | D:2      | Killed Natasha
  1236 | D:2      | Reached XP level 4. HP: 31/41 MP: 3/3
  1326 | D:2      | Noticed an ogre
  1332 | D:2      | HP: 8/41 [ogre (30)]
  1370 | D:2      | HP: 1/41 [ogre (12)]
  1394 | D:1      | Demolished by an ogre

Vanquished Creatures
  Natasha (D:2)
  2 adders (D:2)
  A worm (D:2)
  A dart slug (D:2)
  A bat (D:2)
  A giant cockroach (D:2)
  3 goblins (D:2)
  A hobgoblin (D:2)
  6 kobolds
  2 quokkas
  2 ball pythons
  6 rats
27 creatures vanquished.

Table legend:
 A = Non-vault XP
 B = Vault XP
 C = Vault XP percentage of total XP
 D = Non-vault monster count
 E = Vault monster count
 F = Vault count percentage of total count
                 A         B        C        D         E       F
            +---------+---------+-------+---------+---------+-------
      Total |      45 |      61 |  57.5 |      20 |       7 |  25.9
            +---------+---------+-------+---------+---------+-------
        D:1 |      13 |       0 |   0.0 |       9 |       0 |   0.0
        D:2 |      32 |      61 |  65.6 |      11 |       7 |  38.9
            +---------+---------+-------+---------+---------+-------

Illustrated notes

Table legend:
 A = Kills in this place as a percentage of kills in entire the game.
 B = Kills by you in this place as a percentage of kills by you in the entire game.
 C = Kills by friends in this place as a percentage of kills by friends in the entire game.
 D = Other kills in this place as a percentage of other kills in the entire game.
 E = Experience gained in this place as a percentage of experience gained in the entire game.
 F = Experience gained in this place divided by the number of levels of this place that you have seen.
                   A       B       C       D       E      F
               +-------+-------+-------+-------+-------+----------------------
         Total | 100.0 | 100.0 |   N/A |   N/A | 100.0 |  53.0
       Dungeon | 100.0 | 100.0 |   N/A |   N/A | 100.0 |  53.0
               +-------+-------+-------+-------+-------+----------------------

Table legend: (Time is in decaauts)
 A = Elapsed time spent in this place.
 B = Non-inter-level travel time spent in this place.
 C = Inter-level travel time spent in this place.
 D = Time resting spent in this place.
 E = Time spent auto-exploring this place.
 F = Levels seen in this place.
 G = Mean time per level.
                   A        B        C        D        E       F      G
               +--------+--------+--------+--------+--------+-----+--------+
         Total |   1418 |   1351 |     67 |    288 |    763 |   2 |  709.0 |
       Dungeon |   1418 |   1351 |     67 |    288 |    763 |   2 |  709.0 |
               +--------+--------+--------+--------+--------+-----+--------+

Top non-repeatable levels by time:
     D:2: 768 daAuts
     D:1: 649 daAuts
